 Dungeon Crawl Stone Soup version 0.26-a0-259-g1effd001a9 (webtiles) character file.

Game seed: 10756415328099432274

65 Apogee the Grave Robber (level 3, -1/33 HPs)
             Began as a Deep Dwarf Necromancer on July 10, 2020.
             Asphyxiated
             ... on level 2 of the Dungeon.
             The game lasted 00:03:58 (1374 turns).

Apogee the Grave Robber (Deep Dwarf Necromancer)    Turns: 1374, Time: 00:03:59

Health: -1/33      AC:  2    Str: 12    XL:     3   Next: 94%
Magic:  4/5        EV: 12    Int: 15    God:
Gold:   60         SH:  0    Dex: 13    Spells: 4/5 levels left

rFire    . . .     SeeInvis .   e - +0 whip (elec)
rCold    . . .     Faith    .   (no shield)
rNeg     . . .     Spirit   .   a - +0 robe
rPois    .         Reflect  .   (no helmet)
rElec    .         Harm     .   (no cloak)
rCorr    .                      (no gloves)
MR       .....                  (no boots)
Stlth    ++........             (no amulet)
HPRegen  0.00/turn              (no ring)
MPRegen  0.09/turn              (no ring)

@: lethally poisoned (-1 -> -6), non-regenerating, slowed, very slow
A: damage resistance, heal wounds, sense surroundings 1, no regeneration
a: Heal Wounds


You were on level 2 of the Dungeon.
You were not hungry.

You visited 1 branch of the dungeon, and saw 2 of its levels.

You collected 60 gold pieces.

Inventory:

Hand Weapons
 d - a +0 club
 e - a +0 whip of electrocution (weapon)
 q - a +1 dagger of holy wrath
Missiles
 f - 23 poisoned darts (quivered)
 r - 18 stones
Armour
 a - a +0 robe (worn)
Jewellery
 g - an uncursed ring of fire {unknown}
Scrolls
 b - a scroll of fog {unknown}
 h - a scroll of immolation {unknown}
 i - a scroll of remove curse {unknown}
 j - 2 scrolls of blinking {unknown}
 k - a scroll of teleportation {unknown}
 n - a scroll of fear {unknown}
 o - a scroll of magic mapping {unknown}
 s - a scroll of identify {unknown}
 t - a scroll of noise {unknown}
Potions
 l - a potion of resistance {unknown}
 m - 2 potions of curing {unknown}
 p - a potion of mutation {unknown}
Comestibles
 c - a ration


   Skills:
 + Level 2.8 Fighting
 - Level 2.3 Dodging
 - Level 2.6 Stealth
 - Level 1.9 Spellcasting
 - Level 4.5 Necromancy


You had 4 spell levels left.
You knew the following spells:

 Your Spells              Type           Power        Failure   Level
a - Pain                  Necr           ##..         3%          1

Your spell library contained the following spells:

 Spells                   Type           Power        Failure   Level
 Animate Skeleton         Necr           ##....       3%          1
 Vampiric Draining        Necr           ##........   11%         3
 Animate Dead             Necr           ##........   34%         4
 Agony                    Necr           ##......     69%         5


Dungeon Overview and Level Annotations

Branches:
Dungeon (2/15)

Altars:
Qazlal


Innate Abilities, Weirdness & Mutations

You are resistant to damage.
You can heal yourself by infusing magical energy.
You passively map a small area around you.
You do not regenerate.


Message History

You barely miss the gnoll. The gnoll barely misses you.
You barely miss the gnoll.
The gnoll hits you with a cursed -2 flail.
A gnoll comes into view. It is wielding a +0 flail.
The gnoll hits you with a cursed -2 flail!
You hit the gnoll but do no damage. The gnoll misses you.
You hit the gnoll but do no damage.
The gnoll hits you with a cursed -2 flail!
* * * LOW HITPOINT WARNING * * *
Your magical contamination has completely faded away.
Unknown command.
The gnoll throws a curare-tipped dart.
The curare-tipped dart hits you.
You are more poisoned.
You have difficulty breathing.
* * * LOW HITPOINT WARNING * * *
You feel as though you will be slow longer.
The gnoll throws a curare-tipped dart.
The curare-tipped dart hits you.
You are lethally poisoned!
You have difficulty breathing.
You die...

#E#...#E# #...##.
####...#### ####....
##.........###.......
#####....._.....##.......
#........................
#.....###...######.......
#.....#E#...#E# #......)
#.....###...######.......
#.gg(@##..............
#.######..............
*#. * #..............
,..,,, ,* #....#..#####<.
.g , * #....##..# ### ..
, #....###.# ### . ,
,####....##.# ##..
,#....##.##.###..# *
#.#####..#..###.#


You could see a water elemental and 2 gnolls.

Vanquished Creatures
  2 gnolls (D:2)
  An ooze (D:2)
  A leopard gecko (D:1)
  7 bats
  2 giant cockroaches (D:1)
  8 goblins
  5 hobgoblins (D:1)
  3 frilled lizards (D:1)
  7 kobolds
36 creatures vanquished.

Notes
Turn   | Place    | Note
-------+----------+-------------------------------------------
     0 | D:1      | Apogee the Deep Dwarf Necromancer began the quest for the
                  | Orb.
     0 | D:1      | Reached XP level 1. HP: 15/15 MP: 3/3
   103 | D:1      | You fall into a shaft and drop 1 floor!
   312 | D:1      | Reached XP level 2. HP: 22/22 MP: 2/4
   456 | D:1      | Reached skill level 1 in Fighting
   855 | D:1      | You fall into a shaft and drop 1 floor!
   879 | D:1      | Reached XP level 3. HP: 28/32 MP: 5/5
  1345 | D:2      | Found a stormy altar of Qazlal.
  1346 | D:2      | Noticed an air elemental
  1347 | D:2      | Noticed a water elemental
  1348 | D:2      | Noticed a fire elemental
  1348 | D:2      | Noticed an earth elemental
  1374 | D:2      | Asphyxiated

Illustrated notes

Levels and vault maps discovered:
D:1:      noname_arrival_rooms_in_the_neighbourhood, layout_loops_cross,
          chequers_serial_rivers_micro_d
D:2:      layout_rooms, nicolae_qazlal_style_of_elements, bloody_trog

Skill      XL: |  1  2  3 |
---------------+----------+-----
Fighting       | 1 2 |  2.8
Dodging        | |  2.3
Stealth        | |  2.6
Spellcasting   | |  1.9
Necromancy     | |  4.5

Action                   || total
-------------------------++-------
Melee: Unarmed           ||     6
       Whip              ||    62
       Club              ||     4
 Cast: Pain              ||    43
 Abil: Heal Wounds       ||     1
 Stab: Sleeping          ||     2
  Eat: Ration            ||     1
Armor: Robe              ||     9
Dodge: Dodged            ||    47

Table legend:
 A = Non-vault XP
 B = Vault XP
 C = Vault XP percentage of total XP
 D = Non-vault monster count
 E = Vault monster count
 F = Vault count percentage of total count
                 A         B        C        D         E       F
            +---------+---------+-------+---------+---------+-------
      Total |      94 |       0 |   0.0 |      36 |       0 |   0.0
            +---------+---------+-------+---------+---------+-------
        D:1 |      48 |       0 |   0.0 |      28 |       0 |   0.0
        D:2 |      46 |       0 |   0.0 |       8 |       0 |   0.0
            +---------+---------+-------+---------+---------+-------
